General information
- name: BNet
- type: Ladder team game (AT/RT)
- host: Battle.net
- saver: Noinu
map: Cherryville
- players: 8
- length: 92:08
- speed: Fast
- version: 1.21 W3XP
- replay type: Public
» download(493 KB)
Players
team 1 (winner)
Chopstix (
orange | 55 APM | 5061 actions | 92:08)
10 Blood Mage
3 Flame Strike
3 Siphon Mana
1 Summon Phoenix
3 Banish
10 Goblin Alchemist
3 Acid Bomb
3 Chemical Rage
1 Transmute
3 Healing Spray
» actions
| Assign group hotkey | 24 | |
| Basic commands | 221 | |
| Build / train | 139 | |
| ESC pressed | 1 | |
| Enter build submenu | 61 | |
| Enter hero's abilities submenu | 20 | |
| Give item / drop item | 9 | |
| Right click | 2321 | |
| Select / deselect | 495 | |
| Select group hotkey | 1305 | |
| Use ability | 465 | |
5061 total
» units
| Peasant | 23 | |
| Sorceress | 3 | |
| Mortar Team | 8 | |
| Priest | 1 | |
| Spell Breaker | 3 | |
38 total
» upgrades
| Masonry | 3 | |
| Sorceress Training | 1 | |
| Gunpowder | 1 | |
| Magic Sentry | 1 | |
| Lumber Harvesting | 2 | |
| Flare | 1 | |
| Plating | 3 | |
| Swords | 3 | |
15 total
» buildings
| Altar of Kings | 2 | |
| Lumber Mill | 2 | |
| Farm | 18 | |
| Scout Tower | 38 | |
| Arcane Tower | 5 | |
| Arcane Vault | 3 | |
| Guard Tower | 15 | |
| Keep | 3 | |
| Blacksmith | 2 | |
| Arcane Sanctum | 4 | |
| Workshop | 3 | |
| Cannon Tower | 1 | |
| Town Hall | 2 | |
| Castle | 1 | |
99 total
» build order
00:08 Altar of Kings
00:16 Lumber Mill
00:23 Farm
00:27 Farm
01:04 Scout Tower
01:13 Farm
01:30 Arcane Tower
02:06 Scout Tower
02:15 Scout Tower
02:29 Arcane Vault
02:35 Guard Tower
02:38 Scout Tower
02:44 Guard Tower
02:47 Scout Tower
03:55 Keep
03:57 Scout Tower
03:59 Guard Tower
04:01 Scout Tower
04:41 Guard Tower
04:45 Blacksmith
04:49 Scout Tower
05:51 Guard Tower
06:33 Arcane Sanctum
07:13 Workshop
07:18 Workshop
07:22 Workshop
07:57 Scout Tower
08:15 Farm
08:39 Guard Tower
08:45 Farm
09:01 Farm
11:02 Farm
14:02 Scout Tower
14:41 Cannon Tower
14:45 Scout Tower
14:51 Scout Tower
16:02 Guard Tower
16:06 Arcane Vault
16:10 Guard Tower
17:13 Farm
17:55 Farm
17:57 Scout Tower
22:38 Guard Tower
27:45 Scout Tower
44:31 Town Hall
48:01 Scout Tower
48:02 Scout Tower
51:15 Town Hall
53:04 Lumber Mill
53:08 Farm
54:44 Scout Tower
54:45 Scout Tower
54:46 Scout Tower
54:47 Scout Tower
54:51 Farm
55:21 Arcane Tower
55:50 Arcane Tower
56:12 Arcane Tower
56:17 Scout Tower
56:18 Scout Tower
56:19 Scout Tower
56:20 Scout Tower
56:21 Scout Tower
56:36 Arcane Tower
57:20 Guard Tower
57:38 Scout Tower
57:39 Scout Tower
57:40 Scout Tower
57:41 Scout Tower
57:42 Scout Tower
57:42 Scout Tower
57:43 Scout Tower
57:43 Scout Tower
58:12 Guard Tower
58:50 Guard Tower
58:53 Scout Tower
58:54 Scout Tower
58:56 Keep
59:13 Guard Tower
60:07 Guard Tower
61:02 Arcane Vault
61:19 Farm
61:19 Farm
61:24 Arcane Sanctum
62:17 Arcane Sanctum
62:22 Blacksmith
63:18 Arcane Sanctum
64:40 Farm
64:42 Farm
65:15 Farm
65:16 Farm
65:16 Farm
65:32 Altar of Kings
66:20 Castle
71:43 Scout Tower
71:44 Scout Tower
71:45 Scout Tower
73:26 Guard Tower
» items
| Boots of Speed | 2 | |
| Staff of Teleportation | 2 | |
| Lesser Clarity Potion | 6 | |
| Healing Salve | 6 | |
| Potion of Healing | 4 | |
| Scroll of Town Portal | 11 | |
| Scroll of Regeneration | 2 | |
| Orb of Lightning | 2 | |
| Periapt of Vitality | 1 | |
| Mechanical Critter | 1 | |
| Potion of Mana | 1 | |
38 total
GapInTheTooth (
teal | 17 APM | 1592 actions | 92:08)
6 Blademaster
2 Wind Walk
3 Critical Strike
1 Bladestorm
» actions
| Assign group hotkey | 3 | |
| Basic commands | 99 | |
| Build / train | 29 | |
| ESC pressed | 12 | |
| Enter build submenu | 15 | |
| Enter hero's abilities submenu | 7 | |
| Give item / drop item | 2 | |
| Right click | 968 | |
| Select / deselect | 378 | |
| Use ability | 79 | |
1592 total
» units
» upgrades
» buildings
| Altar of Storms | 2 | |
| Orc Burrow | 4 | |
| War Mill | 1 | |
| Voodoo Lounge | 1 | |
| Stronghold | 1 | |
| Watch Tower | 3 | |
| Beastiary | 2 | |
14 total
» build order
00:10 Altar of Storms
00:15 Orc Burrow
01:25 War Mill
01:59 Voodoo Lounge
02:37 Stronghold
02:41 Watch Tower
04:19 Watch Tower
04:21 Watch Tower
04:27 Orc Burrow
04:28 Orc Burrow
05:02 Beastiary
05:04 Beastiary
18:21 Orc Burrow
42:05 Altar of Storms
» items
| Healing Salve | 4 | |
| Lesser Clarity Potion | 1 | |
| Scroll of Speed | 1 | |
| Orb of Lightning | 1 | |
| Staff of Teleportation | 1 | |
8 total
Noinu (
red | 46 APM | 4211 actions | 92:08)
10 Blademaster
3 Wind Walk
3 Critical Strike
1 Bladestorm
3 Mirror Image
» actions
| Assign group hotkey | 52 | |
| Basic commands | 411 | |
| Build / train | 106 | |
| Enter build submenu | 47 | |
| Enter hero's abilities submenu | 10 | |
| Give item / drop item | 6 | |
| Remove unit from queue | 4 | |
| Right click | 782 | |
| Select / deselect | 633 | |
| Select group hotkey | 1800 | |
| Use ability | 358 | |
4211 total
» units
» upgrades
| Spiked Barricades | 1 | |
| Ranged Weapons | 2 | |
| Liquid Fire | 1 | |
| Reinforced Defenses | 1 | |
5 total
» buildings
| Altar of Storms | 2 | |
| Orc Burrow | 10 | |
| War Mill | 1 | |
| Watch Tower | 44 | |
| Voodoo Lounge | 1 | |
| Stronghold | 2 | |
| Beastiary | 3 | |
| Fortress | 1 | |
| Great Hall | 3 | |
67 total
» build order
00:06 Altar of Storms
00:08 Orc Burrow
00:53 War Mill
01:40 Orc Burrow
02:08 Watch Tower
02:16 Watch Tower
02:46 Voodoo Lounge
04:01 Watch Tower
04:03 Watch Tower
04:51 Stronghold
05:08 Watch Tower
05:12 Watch Tower
06:17 Watch Tower
06:21 Watch Tower
06:40 Orc Burrow
07:28 Beastiary
07:31 Beastiary
07:57 Orc Burrow
08:02 Orc Burrow
08:13 Watch Tower
08:19 Fortress
08:54 Watch Tower
10:27 Watch Tower
26:21 Great Hall
27:51 Watch Tower
27:52 Watch Tower
27:53 Watch Tower
27:55 Watch Tower
38:01 Watch Tower
41:08 Great Hall
43:47 Watch Tower
45:09 Watch Tower
45:24 Watch Tower
45:25 Watch Tower
45:26 Watch Tower
46:22 Great Hall
47:40 Watch Tower
47:44 Watch Tower
47:47 Watch Tower
48:54 Watch Tower
55:09 Watch Tower
55:10 Watch Tower
55:13 Watch Tower
55:14 Watch Tower
55:15 Watch Tower
55:16 Watch Tower
57:26 Watch Tower
60:17 Beastiary
61:22 Watch Tower
61:23 Watch Tower
61:24 Watch Tower
61:25 Watch Tower
61:27 Watch Tower
61:28 Watch Tower
61:29 Watch Tower
61:30 Watch Tower
61:31 Watch Tower
61:32 Watch Tower
61:35 Watch Tower
61:36 Watch Tower
68:53 Orc Burrow
69:59 Orc Burrow
70:03 Orc Burrow
71:35 Orc Burrow
86:09 Altar of Storms
86:17 Orc Burrow
» items
| Lesser Clarity Potion | 4 | |
| Healing Salve | 6 | |
| Orb of Lightning | 2 | |
| Scroll of Town Portal | 7 | |
| Potion of Mana | 1 | |
| Potion of Healing | 2 | |
| Boots of Speed | 1 | |
23 total
Panda_Slammed (
purple | 38 APM | 3478 actions | 92:08)
10 Blood Mage
3 Flame Strike
3 Siphon Mana
1 Summon Phoenix
3 Banish
» actions
| Assign group hotkey | 7 | |
| Basic commands | 326 | |
| Build / train | 103 | |
| Enter build submenu | 58 | |
| Enter hero's abilities submenu | 10 | |
| Give item / drop item | 4 | |
| Remove unit from queue | 1 | |
| Right click | 1623 | |
| Select / deselect | 1049 | |
| Select group hotkey | 40 | |
| Use ability | 257 | |
3478 total
» units
| Peasant | 13 | |
| Dragonhawk Rider | 21 | |
| Gryphon Rider | 4 | |
38 total
» upgrades
» buildings
| Altar of Kings | 2 | |
| Lumber Mill | 2 | |
| Farm | 12 | |
| Scout Tower | 42 | |
| Guard Tower | 24 | |
| Arcane Vault | 1 | |
| Keep | 1 | |
| Blacksmith | 1 | |
| Castle | 1 | |
| Workshop | 2 | |
| Gryphon Aviary | 4 | |
| Town Hall | 2 | |
94 total
» build order
00:08 Altar of Kings
00:10 Lumber Mill
00:37 Farm
00:45 Farm
00:47 Scout Tower
00:48 Scout Tower
01:00 Scout Tower
01:04 Farm
01:09 Scout Tower
01:42 Guard Tower
01:50 Farm
02:02 Guard Tower
02:23 Farm
02:28 Scout Tower
02:30 Scout Tower
02:35 Scout Tower
02:36 Scout Tower
03:17 Guard Tower
03:19 Scout Tower
03:20 Scout Tower
03:48 Guard Tower
03:50 Guard Tower
03:53 Guard Tower
03:55 Farm
03:56 Farm
04:05 Arcane Vault
04:19 Guard Tower
04:24 Scout Tower
04:26 Scout Tower
04:27 Scout Tower
04:55 Guard Tower
05:29 Guard Tower
05:45 Guard Tower
05:48 Farm
05:49 Keep
06:14 Scout Tower
06:15 Scout Tower
06:42 Guard Tower
06:53 Scout Tower
06:54 Scout Tower
06:55 Scout Tower
06:56 Scout Tower
07:20 Guard Tower
07:28 Guard Tower
07:53 Guard Tower
08:08 Blacksmith
08:12 Castle
08:24 Guard Tower
08:45 Guard Tower
08:46 Scout Tower
08:48 Scout Tower
08:48 Scout Tower
08:49 Scout Tower
09:07 Workshop
09:10 Workshop
09:22 Guard Tower
09:44 Gryphon Aviary
09:46 Gryphon Aviary
10:01 Guard Tower
10:09 Scout Tower
10:10 Scout Tower
10:11 Scout Tower
10:13 Scout Tower
10:14 Scout Tower
10:15 Scout Tower
10:19 Guard Tower
10:25 Farm
10:52 Guard Tower
11:33 Farm
11:34 Farm
13:47 Guard Tower
27:40 Town Hall
27:43 Scout Tower
27:46 Scout Tower
27:48 Scout Tower
27:50 Scout Tower
27:52 Scout Tower
27:54 Scout Tower
28:25 Guard Tower
32:40 Scout Tower
32:41 Scout Tower
32:43 Scout Tower
32:44 Scout Tower
32:47 Scout Tower
37:37 Guard Tower
58:08 Gryphon Aviary
58:10 Gryphon Aviary
58:23 Lumber Mill
59:29 Scout Tower
59:32 Scout Tower
60:10 Guard Tower
75:29 Town Hall
77:52 Altar of Kings
78:49 Farm
» items
| Healing Salve | 1 | |
| Lesser Clarity Potion | 4 | |
| Orb of Fire | 1 | |
| Potion of Healing | 6 | |
| Scroll of Regeneration | 6 | |
| Scroll of Town Portal | 5 | |
| Potion of Mana | 1 | |
| Staff of Teleportation | 1 | |
25 total
team 2 (loser)
camarena (
green | 43 APM | 3889 actions | 91:17)
6 Priestess of the Moon
3 Trueshot Aura
2 Searing Arrows
1 Starfall
1 Mountain King
1 Storm Bolt
» actions
| Assign group hotkey | 104 | |
| Basic commands | 3 | |
| Build / train | 206 | |
| Enter build submenu | 50 | |
| Enter hero's abilities submenu | 7 | |
| Give item / drop item | 1 | |
| Remove unit from queue | 6 | |
| Right click | 1380 | |
| Select / deselect | 1037 | |
| Select group hotkey | 976 | |
| Use ability | 117 | |
3889 total
» units
| Wisp | 34 | |
| Huntress | 19 | |
| Archer | 31 | |
| Glaive Thrower | 4 | |
| Hippogryph | 18 | |
| Dryad | 27 | |
| Druid of the Talon | 7 | |
| Mountain Giant | 2 | |
| Druid of the Claw | 2 | |
| Chimaera | 19 | |
163 total
» upgrades
| Strength of the Moon | 1 | |
| Sentinel | 1 | |
| Vorpal Blades | 1 | |
| Hippogryph Taming | 1 | |
| Improved Bows | 1 | |
| Druid of the Talon Training | 3 | |
| Abolish Magic | 1 | |
| Druid of the Claw Training | 1 | |
| Corrosive Breath | 1 | |
11 total
» buildings
| Moon Well | 11 | |
| Altar of Elders | 4 | |
| Ancient of War | 6 | |
| Hunter's Hall | 3 | |
| Tree of Ages | 3 | |
| Ancient of Wind | 1 | |
| Ancient of Lore | 3 | |
| Ancient Protector | 5 | |
| Tree of Life | 3 | |
| Ancient of Wonders | 2 | |
| Tree of Eternity | 1 | |
| Chimaera Roost | 3 | |
45 total
» build order
00:10 Moon Well
00:19 Altar of Elders
00:30 Moon Well
01:19 Ancient of War
02:00 Hunter's Hall
02:32 Ancient of War
04:07 Moon Well
06:29 Moon Well
08:01 Tree of Ages
08:55 Moon Well
09:20 Moon Well
10:18 Moon Well
12:01 Ancient of Wind
13:18 Ancient of Lore
18:04 Ancient Protector
22:35 Tree of Life
23:13 Altar of Elders
23:17 Ancient of War
23:22 Ancient of War
23:45 Ancient of War
23:55 Ancient of War
24:00 Ancient of Wonders
28:29 Hunter's Hall
28:43 Altar of Elders
29:18 Tree of Ages
29:23 Moon Well
34:09 Tree of Life
34:14 Ancient Protector
34:16 Ancient Protector
34:20 Ancient Protector
34:22 Ancient Protector
41:03 Ancient of Lore
41:16 Ancient of Lore
48:52 Altar of Elders
56:12 Moon Well
56:38 Ancient of Wonders
57:57 Tree of Ages
58:10 Hunter's Hall
59:26 Moon Well
60:26 Moon Well
61:25 Tree of Life
63:07 Tree of Eternity
66:17 Chimaera Roost
66:20 Chimaera Roost
66:25 Chimaera Roost
» items
| Dust of Appearance | 2 | |
| Moonstone | 1 | |
| Lesser Clarity Potion | 1 | |
| Potion of Healing | 3 | |
| Potion of Mana | 1 | |
| Orb of Venom | 1 | |
| Potion of Lesser Invulnerability | 1 | |
10 total
chosto (
blue | 27 APM | 1684 actions | 61:15)
6 Dreadlord
3 Vampiric Aura
2 Sleep
1 Inferno
» actions
| Assign group hotkey | 14 | |
| Basic commands | 61 | |
| Build / train | 54 | |
| ESC pressed | 3 | |
| Enter build submenu | 21 | |
| Enter hero's abilities submenu | 5 | |
| Right click | 799 | |
| Select / deselect | 424 | |
| Select group hotkey | 224 | |
| Use ability | 79 | |
1684 total
» units
| Acolyte | 11 | |
| Ghoul | 8 | |
| Crypt Fiend | 2 | |
| Banshee | 8 | |
| Meatwagon | 3 | |
| Abomination | 1 | |
33 total
» upgrades
| Unholy Armor | 1 | |
| Unholy Strength | 1 | |
| Web | 1 | |
| Banshee Training | 2 | |
5 total
» buildings
| Graveyard | 1 | |
| Crypt | 1 | |
| Ziggurat | 8 | |
| Altar of Darkness | 1 | |
| Tomb of Relics | 1 | |
| Spirit Tower | 3 | |
| Halls of the Dead | 1 | |
| Temple of the Damned | 2 | |
| Black Citadel | 1 | |
| Slaughterhouse | 2 | |
21 total
» build order
00:11 Graveyard
00:25 Crypt
00:43 Ziggurat
01:03 Altar of Darkness
01:34 Tomb of Relics
01:57 Ziggurat
03:07 Spirit Tower
08:17 Halls of the Dead
08:57 Ziggurat
10:48 Temple of the Damned
10:54 Temple of the Damned
11:27 Ziggurat
11:32 Ziggurat
11:53 Black Citadel
15:08 Slaughterhouse
15:13 Slaughterhouse
17:00 Ziggurat
17:13 Spirit Tower
20:13 Spirit Tower
24:55 Ziggurat
24:56 Ziggurat
» items
| Dust of Appearance | 1 | |
| Rod of Necromancy | 1 | |
| Scroll of Regeneration | 1 | |
| Lesser Clarity Potion | 1 | |
4 total
DarkTaBu (
yellow | 49 APM | 1128 actions | 23:14)
4 Dark Ranger
2 Black Arrow
2 Life Drain
» actions
| Assign group hotkey | 9 | |
| Basic commands | 152 | |
| Build / train | 52 | |
| Enter build submenu | 16 | |
| Enter hero's abilities submenu | 4 | |
| Remove unit from queue | 3 | |
| Right click | 527 | |
| Select / deselect | 228 | |
| Select group hotkey | 108 | |
| Use ability | 29 | |
1128 total
» units
| Acolyte | 3 | |
| Ghoul | 18 | |
| Crypt Fiend | 4 | |
| Abomination | -1 | |
| Obsidian Statue | 1 | |
| Frost Wyrm | 2 | |
27 total
» upgrades
| Cannibalize | 1 | |
| Burrow | 1 | |
| Web | 1 | |
| Creature Attack | 3 | |
| Creature Carapace | 1 | |
| Unholy Armor | 1 | |
8 total
» buildings
| Crypt | 2 | |
| Ziggurat | 7 | |
| Altar of Darkness | 1 | |
| Tomb of Relics | 1 | |
| Nerubian Tower | 1 | |
| Halls of the Dead | 4 | |
| Black Citadel | 3 | |
| Graveyard | 1 | |
| Sacrificial Pit | 1 | |
| Spirit Tower | 1 | |
| Slaughterhouse | 2 | |
| Boneyard | 2 | |
26 total
» build order
00:26 Crypt
00:28 Crypt
00:47 Ziggurat
01:02 Ziggurat
01:26 Altar of Darkness
03:13 Tomb of Relics
04:08 Nerubian Tower
04:10 Halls of the Dead
04:10 Halls of the Dead
04:10 Halls of the Dead
04:11 Halls of the Dead
04:35 Ziggurat
04:36 Ziggurat
06:49 Black Citadel
06:49 Black Citadel
06:49 Black Citadel
06:58 Graveyard
08:41 Ziggurat
08:43 Ziggurat
08:44 Ziggurat
12:59 Sacrificial Pit
13:03 Spirit Tower
13:11 Slaughterhouse
13:13 Slaughterhouse
14:07 Boneyard
14:12 Boneyard
keitaro_10 (
pink | 68 APM | 6274 actions | 92:07)
10 Archmage
3 Summon Water Elemental
3 Brilliance Aura
1 Mass Teleport
3 Blizzard
4 Mountain King
2 Storm Bolt
1 Avatar
1 Thunder Clap
4 Paladin
2 Holy Light
2 Divine Shield
» actions
| Assign group hotkey | 21 | |
| Basic commands | 2 | |
| Build / train | 338 | |
| Enter build submenu | 67 | |
| Enter hero's abilities submenu | 17 | |
| Remove unit from queue | 18 | |
| Right click | 3694 | |
| Select / deselect | 1452 | |
| Select group hotkey | 216 | |
| Use ability | 449 | |
6274 total
» units
| Peasant | 124 | |
| Footman | 7 | |
| Dragonhawk Rider | 22 | |
| Knight | 16 | |
| Gryphon Rider | 9 | |
| Goblin Shredder | 1 | |
| Flying Machine | 23 | |
| Priest | 3 | |
| Rifleman | 3 | |
| Mortar Team | 27 | |
235 total
» upgrades
| Defend | 1 | |
| Lumber Harvesting | 2 | |
| Masonry | 3 | |
| Cloud | 1 | |
| Animal War Training | 1 | |
| Storm Hammers | 2 | |
| Gunpowder | 3 | |
| Armor | 3 | |
| Swords | 3 | |
| Plating | 3 | |
| Sorceress Training | 2 | |
| Priest Training | 2 | |
| Long Rifles | 1 | |
| Control Magic | 1 | |
| Magic Sentry | 1 | |
| Flak Cannons | 1 | |
| Flying Machine Bombs | 1 | |
| Backpack | 1 | |
| Fragmentation Shards | 1 | |
| Flare | 1 | |
| Barrage | 1 | |
35 total
» buildings
| Altar of Kings | 1 | |
| Barracks | 2 | |
| Farm | 9 | |
| Town Hall | 11 | |
| Keep | 1 | |
| Arcane Vault | 3 | |
| Blacksmith | 1 | |
| Lumber Mill | 1 | |
| Scout Tower | 29 | |
| Castle | 1 | |
| Gryphon Aviary | 2 | |
| Guard Tower | 10 | |
| Arcane Sanctum | 2 | |
| Workshop | 2 | |
75 total
» build order
00:06 Altar of Kings
00:19 Barracks
00:26 Farm
00:56 Farm
01:34 Farm
02:24 Farm
03:25 Town Hall
05:03 Farm
05:51 Keep
05:54 Barracks
06:20 Arcane Vault
06:23 Blacksmith
06:25 Lumber Mill
07:32 Farm
07:32 Farm
08:10 Scout Tower
08:12 Scout Tower
08:13 Scout Tower
08:13 Scout Tower
08:14 Scout Tower
08:17 Castle
08:19 Gryphon Aviary
08:21 Gryphon Aviary
08:40 Town Hall
09:19 Guard Tower
09:25 Guard Tower
10:28 Farm
14:22 Arcane Vault
14:55 Arcane Sanctum
14:56 Arcane Sanctum
16:07 Town Hall
17:45 Scout Tower
17:46 Scout Tower
17:48 Scout Tower
17:50 Scout Tower
17:56 Scout Tower
17:57 Scout Tower
17:57 Scout Tower
17:57 Scout Tower
17:59 Scout Tower
18:00 Scout Tower
18:01 Scout Tower
18:08 Scout Tower
18:09 Scout Tower
18:09 Scout Tower
18:09 Scout Tower
18:10 Scout Tower
18:19 Scout Tower
18:28 Guard Tower
18:38 Guard Tower
18:44 Guard Tower
18:51 Guard Tower
18:58 Guard Tower
19:06 Guard Tower
20:36 Scout Tower
20:37 Scout Tower
20:37 Scout Tower
20:39 Scout Tower
21:23 Guard Tower
21:40 Farm
24:14 Scout Tower
26:28 Guard Tower
27:20 Town Hall
29:19 Arcane Vault
32:41 Town Hall
37:20 Town Hall
38:29 Scout Tower
41:24 Workshop
49:56 Workshop
52:57 Town Hall
53:02 Town Hall
59:01 Town Hall
61:32 Town Hall
76:00 Town Hall
» items
| Potion of Healing | 5 | |
| Scroll of Regeneration | 5 | |
| Potion of Lesser Invulnerability | 2 | |
12 total
Chat log
(01:19 / Allies) Chopstix: TOWERING BASE
(01:21 / Allies) Chopstix: sorry caps
(02:20 / Allies) Noinu: owm
(02:22 / Allies) Chopstix: watch 2 ud
(02:24 / Allies) Noinu: omw*
(02:51 / Allies) Chopstix: no frost tower
(02:52 / Allies) Chopstix: no ud hero
(02:53 / Allies) GapInTheTooth: acos
(02:53 / Allies) Noinu: no towa
(02:58 / Allies) Noinu: lol
(02:58 / Allies) GapInTheTooth: no hope
(03:10 / Allies) Noinu: wow
(03:11 / Allies) Noinu: nice
(03:21 / Allies) Chopstix: aura first lawl
(04:37 / Allies) Chopstix: buy a healing pot and use it on us
(04:56 / Allies) Chopstix: danke
(05:00 / Allies) Noinu: bring me one
(05:11 / Allies) Chopstix: he has one charge left
(05:14 / Allies) Chopstix: blue again?
(05:18 / Allies) Noinu: KILLLL
(05:26 / Allies) Noinu: repair that shiz
(05:31 / Allies) Noinu: gwet potm
(05:50 / Allies) Noinu: pink
(06:00 / Allies) Chopstix: not enough towas brah
(06:02 / Allies) Chopstix: get something out
(06:02 / All) Chopstix: NOW
(06:11 / Allies) Chopstix: im telling
(06:23 / Allies) Chopstix: you to learn how to build structures to block the towers
(06:27 / Allies) Chopstix: the melees wont have a chance
(07:41 / Allies) Chopstix: lotsa weak shit
(09:02 / All) Chopstix: come back
(09:36 / Allies) Chopstix: dh
(09:40 / Allies) Chopstix: dl i mnean
(09:45 / Allies) Noinu: ok
(10:21 / Allies) Noinu: >?
(10:22 / Allies) GapInTheTooth: more towers
(10:40 / Allies) Noinu: more towers
(10:41 / Allies) Noinu: :P
(12:06 / Allies) Chopstix: bat hawks pls
(12:09 / Allies) Noinu: owm
(13:28 / Allies) GapInTheTooth: moar aa
(13:54 / Allies) GapInTheTooth: 100 gold for an orb plz
(14:50 / Allies) Noinu: lets kill this panda
(14:57 / Allies) Noinu: or a main of theirs
(16:28 / Allies) Chopstix: invis morting
(18:08 / Allies) Chopstix: hitting then tping to purple
(20:08 / Allies) Chopstix: helping purp
(20:58 / Allies) Chopstix: banshees dead
(21:15 / Allies) Chopstix: dl dead
(22:00 / Allies) Chopstix: shouldve taken alchemst pot
(22:54 / Allies) Chopstix: im taking that out
(23:58 / All) Panda_Slammed: denied
(24:05 / Allies) Chopstix: ill creep it
(24:17 / Allies) Chopstix: just take it
(24:35 / Allies) Noinu: omw
(25:01 / Allies) Chopstix: block more purple
(26:41 / Allies) Noinu: harrass
(27:30 / Allies) Noinu: gold pls
(27:34 / Allies) Chopstix: build it
(27:34 / Allies) Noinu: chop if you can
(27:45 / Allies) Noinu: ty
(28:24 / Allies) Noinu: owm
(28:27 / Allies) Noinu: omw**
(28:33 / Allies) Noinu: kill the mage
(30:31 / Allies) Noinu: gonna get mana for bs
(31:05 / Allies) Chopstix: inc
(32:16 / Allies) Chopstix: dont
(32:17 / Allies) Chopstix: teal
(32:20 / Allies) Chopstix: let me acid bomb
(32:22 / Allies) Chopstix: stay near take exp
(33:48 / Allies) Noinu: going to mana up
(33:58 / Allies) Noinu: ty panda
(34:17 / Allies) Chopstix: almost 6 bloodmage
(34:19 / Allies) Noinu: get rdy to defend
(34:23 / Allies) Chopstix: halfway to 6 alchemist
(34:26 / Allies) Noinu: ill take care of it
(34:39 / Allies) Noinu: going to bladestorm
(35:19 / Allies) Noinu: owned
(35:43 / Allies) Noinu: kill AM
(35:57 / Allies) Chopstix: wait for alchemist acid bomb
(36:36 / Allies) Noinu: fuck
(36:38 / Allies) Noinu: every time
(36:38 / Allies) Noinu: lol
(36:46 / Allies) Chopstix: whelp, im almost 6
(37:00 / Allies) Noinu: ?
(38:01 / Allies) Chopstix: 6 alchemist
(38:08 / Allies) Noinu: kill pls
(39:45 / Allies) Noinu: im oging to bladestorm them
(40:58 / Allies) Noinu: re expo
(41:06 / Allies) Chopstix: They took that i think
(41:20 / Allies) Chopstix: muting this
(41:30 / Allies) Noinu: kill
(42:13 / Allies) Chopstix: what you want me to mute air or knight
(42:31 / Allies) Noinu: kill altar
(42:59 / Allies) Panda_Slammed: kill gryphon
(43:07 / Allies) Panda_Slammed: abts pla
(43:08 / Allies) Chopstix: acid bomb got him
(43:34 / Allies) Panda_Slammed: coming
(43:35 / Allies) Noinu: need mana
(43:52 / Allies) Panda_Slammed: bringin hawks
(44:07 / Allies) Chopstix: i have bloodmage to siphon mana
(44:25 / Allies) Noinu: we need to expo deny
(44:27 / Allies) Noinu: BMS
(44:32 / Allies) Noinu: check
(44:58 / Allies) Noinu: killing
(45:33 / Allies) Panda_Slammed: o no
(45:41 / Allies) Chopstix: clear
(46:32 / Allies) Panda_Slammed: doese that ever die
(47:12 / All) Noinu: lol pink, every fucking time
(47:17 / Allies) Panda_Slammed: laff
(47:21 / Allies) Chopstix: who is me
(48:32 / Allies) Chopstix: how can they see me there
(48:36 / Allies) Noinu: kill immediately
(49:23 / Allies) GapInTheTooth: thanks john
(49:27 / Allies) Noinu: haha
(49:28 / Allies) GapInTheTooth: like we've never played the gam
(49:29 / Allies) Chopstix: hahaha
(49:42 / Allies) Noinu: kill niggers
(50:41 / Allies) Noinu: omw
(52:13 / All) Chopstix: we think you guys lost to a bunch of fags who make a lot of towers
(52:20 / All) chosto: XD
(52:25 / Allies) Noinu: i rulw
(52:28 / Allies) Noinu: rule
(53:32 / Allies) Chopstix: MUTING
(54:59 / Allies) Chopstix: WHO NEEDS IT
(55:02 / Allies) Chopstix: sorry caps
(55:25 / Allies) Noinu: morts would be nice
(55:26 / Allies) Chopstix: heal spamming
(55:41 / Allies) Noinu: mor polymorph
(55:43 / Allies) Noinu: or**
(55:50 / Allies) Noinu: polymorph everything imho
(55:53 / Allies) Chopstix: reveal towers making
(56:14 / Allies) Noinu: how much gold does that give?
(56:23 / Allies) Chopstix: knight is 196
(56:28 / Allies) Noinu: kill potm
(57:00 / Allies) Noinu: fuckkk
(57:30 / Allies) Chopstix: heal spraying spamming
(57:31 / Allies) Chopstix: hsss
(58:05 / Allies) Chopstix: yes loev that golden showers
(58:07 / Allies) Chopstix: you love it
(58:12 / Allies) Noinu: ph yeah
(58:15 / Allies) Noinu: on my face bb
(58:17 / Allies) Chopstix: reveal towers up
(58:37 / Allies) Noinu: morts please
(58:39 / Allies) Noinu: somneone
(58:41 / Allies) Noinu: or poly
(58:42 / Allies) Noinu: choose
(59:08 / Allies) Panda_Slammed: we need bats or something
(59:12 / Allies) Panda_Slammed: to take out bases
(59:17 / Allies) Noinu: they have TOWERS
(59:23 / Allies) Panda_Slammed: i had hawks
(59:47 / Allies) Noinu: omw
(59:51 / Allies) Noinu: if you even need me
(59:52 / Allies) Chopstix: pwnt
(59:54 / Allies) Noinu: guess not
(59:54 / Allies) Noinu: lol
(59:56 / Allies) Panda_Slammed: nice
(60:26 / Allies) Noinu: ugh
(60:35 / Allies) Chopstix: ill start muting dryad
(60:38 / Allies) Chopstix: ill get
(60:42 / Allies) Chopstix: uh
(60:44 / Allies) Chopstix: shit forgot name
(60:48 / Allies) Chopstix: spell immunite spell stealers
(60:52 / Allies) Noinu: breakers
(61:03 / Allies) Chopstix: top left
(61:44 / Allies) Noinu: lookout
(62:07 / Allies) Chopstix: 2 level 10 bms yet?
(62:10 / Allies) Chopstix: what are your heros panda?
(62:20 / Allies) Noinu: chops bm doesnt exist
(62:23 / Allies) Noinu: erm
(62:24 / Allies) Noinu: gaps
(62:26 / Allies) Chopstix: bloodmage
(62:40 / Allies) Chopstix: oh shit
(62:42 / Allies) Chopstix: didnt meant to tp
(63:03 / Allies) Chopstix: potm if you want
(63:07 / Allies) Noinu: orl
(63:09 / Allies) Noinu: y
(63:28 / Allies) Noinu: prolly empty
(63:36 / Allies) Chopstix: bloodmage
(63:49 / Allies) Chopstix: 340 gold for transmute giant
(63:54 / Allies) Panda_Slammed: nice
(64:01 / Allies) Noinu: fuckkkk
(64:08 / Allies) Chopstix: avenged
(65:00 / Allies) Noinu: omw
(65:22 / Allies) Noinu: more important
(65:41 / Allies) Noinu: prolly empty
(66:04 / Allies) Chopstix: dammit shouldve muting the giant
(66:35 / Allies) Chopstix: shitload of money if you ened anything
(66:42 / Allies) Chopstix: buy boots of speed and staff of tele if you havent already
(66:44 / Allies) Noinu: i need you to make mortars
(66:47 / Allies) Noinu: and towers
(66:59 / Allies) Chopstix: giant muted again lawls
(67:02 / Allies) Noinu: lol
(67:37 / Allies) Chopstix: breakers
(67:46 / Allies) Noinu: wooooo
(69:02 / Allies) Noinu: kill
(69:09 / Allies) Noinu: why am i the only guy killing expos?
(70:18 / Allies) Chopstix: chims
(70:22 / Allies) Noinu: where
(70:23 / Allies) Panda_Slammed: wtf
(70:29 / Allies) Noinu: ok
(70:32 / Allies) Noinu: will bat next
(70:37 / Allies) Chopstix: mass teled
(72:58 / Allies) Noinu: :(
(72:59 / Allies) Chopstix: use tp next time
(73:00 / Allies) Chopstix: we are rich
(73:06 / Allies) Chopstix: helage
(73:08 / Allies) Chopstix: healage
(73:25 / Allies) Noinu: i need goollld
(73:27 / Allies) Noinu: for antichim
(73:30 / Allies) Noinu: anf cloud
(73:42 / Allies) Noinu: golld
(74:01 / Allies) Noinu: empty
(74:07 / Allies) Chopstix: 09
(74:08 / Allies) Chopstix: 90
(74:18 / Allies) Chopstix: 3k
(74:32 / Allies) Chopstix: lone
(74:38 / Allies) Noinu: kill
(74:41 / Allies) Noinu: watch for tp though
(74:46 / Allies) Noinu: runnnn
(74:49 / Allies) Panda_Slammed: he not alone
(75:08 / Allies) Panda_Slammed: gold so i can get a hero
(75:14 / Allies) Chopstix: there
(75:19 / Allies) Panda_Slammed: not wood
(75:23 / Allies) Panda_Slammed: ty
(75:25 / Allies) Chopstix: ungrateful
(75:35 / Allies) Chopstix: im trying to teach you how to fish here, so you can make your own lumber
(75:36 / Allies) Noinu: they are going to wait to get starfall
(75:39 / All) camarena: NO GOLD???
(75:45 / All) Chopstix: 10k
(75:49 / All) camarena: LOL
(75:52 / Allies) Noinu: can you banaish the potm and cancel starfall?
(75:55 / Allies) Chopstix: yes
(75:57 / Allies) Noinu: do that
(76:02 / Allies) Panda_Slammed: nope
(76:02 / Allies) Noinu: its vety important
(76:07 / Allies) Panda_Slammed: it dont work
(76:09 / Allies) Noinu: :(
(76:10 / Allies) Chopstix: uh
(76:16 / Allies) Panda_Slammed: i tried
(76:18 / Allies) Noinu: :/
(76:19 / Allies) Chopstix: it works buddy
(76:24 / Allies) Panda_Slammed: i just did it
(76:29 / All) camarena: fucking shit
(76:44 / All) camarena: es todo lo que tengo
(76:53 / All) Chopstix: hey didnt i see you at taco bell
(76:57 / Allies) Noinu: :D
(77:01 / All) camarena: :(
(77:09 / Allies) Chopstix: iout
(77:11 / Allies) Panda_Slammed: kill it
(77:13 / Allies) Noinu: woohoo
(77:18 / Allies) Noinu: leave it if its out who cares
(77:25 / All) camarena: hi
(77:29 / Allies) Noinu: this is whar is important
(78:04 / Allies) Noinu: lol
(78:09 / All) Chopstix: more chims pls, I need more gold
(78:56 / Allies) Noinu: hiytting their expo
(79:09 / Allies) Panda_Slammed: chims are ther
(79:10 / Allies) Noinu: where are they
(79:15 / Allies) Panda_Slammed: pin kis
(79:16 / Allies) Chopstix: pink tele there
(79:19 / Allies) Chopstix: but mass tele
(79:20 / Allies) Noinu: awesome
(79:27 / Allies) Panda_Slammed: pinks there
(80:09 / Allies) Noinu: chimes
(80:15 / Allies) Panda_Slammed: 100 gold plz
(80:31 / Allies) Noinu: kill potm
(81:02 / Allies) Noinu: more gold for bats
(81:11 / Allies) Noinu: killl
(81:18 / Allies) Panda_Slammed: thats the last gold mine
(81:27 / Allies) Noinu: nostarfall would be nice
(81:31 / All) camarena: pinches gringos
(81:31 / Allies) Chopstix: its dead
(81:32 / Allies) Panda_Slammed: yea
(81:33 / All) camarena: ajajajajaja
(81:58 / Allies) Panda_Slammed: blade storm
(82:07 / Allies) Panda_Slammed: out
(82:19 / Allies) Panda_Slammed: yea i have a hero
(82:28 / All) camarena: hi
(82:33 / All) Panda_Slammed: hi
(82:35 / All) Chopstix: HOLA
(82:36 / Allies) Noinu: i wish hed drop
(82:37 / All) keitaro_10: u suck
(82:38 / All) camarena: salut
(82:40 / Allies) Noinu: so we could use his hero
(82:41 / Allies) Noinu: fuck
(83:01 / Allies) Noinu: kill greens base imo
(83:07 / Allies) Chopstix: working
(84:25 / Allies) Noinu: bat $ pls
(84:44 / Allies) Noinu: ty
(84:44 / All) Chopstix: i need more money you stupid drug dealers
(88:56 / Allies) Chopstix: use my bloodmage if you want
(89:01 / Allies) Chopstix: just teleport him dont let him die
(89:27 / All) camarena: D
(89:28 / All) camarena: DD
(89:28 / All) camarena: D
(89:28 / All) camarena: D
(89:29 / All) camarena: D
(89:29 / All) camarena: D
(91:00 / All) Chopstix: BRT
(91:01 / All) Panda_Slammed: ggg
(91:04 / Allies) Noinu: heal me pls
(91:05 / All) Chopstix: gg
(91:06 / All) camarena: gg
(91:09 / All) Noinu: gg
(91:19 / All) Chopstix: lawls
(91:28 / All) Noinu: OWNED SLUTS
(91:34 / All) Noinu: NOW MAKE ME A BURRITO
(91:44 / Allies) Noinu: golden showers pls
(92:02 / All) Panda_Slammed: gg